 Dungeon Crawl Stone Soup version 0.27-a0-679-g77a6b55cf3 (webtiles) character file.

Game seed: 6029067529454489032

205 DarkMailMan the Shield-Bearer (level 5, -9/47 HPs)
             Began as a Minotaur Fighter on Mar 18, 2021.
             Was an Initiate of Makhleb.
             Mangled by an ogre
             ... wielding a +0 giant club
              (15 damage)
             ... on level 4 of the Dungeon.
             The game lasted 00:04:14 (2613 turns).

DarkMailMan the Shield-Bearer (Minotaur Fighter)    Turns: 2613, Time: 00:04:15

Health: -9/47      AC: 12    Str: 22    XL:     5   Next: 53%
Magic:  4/4        EV:  6    Int: 11    God:    Makhleb [......]
Gold:   100        SH: 10    Dex:  9    Spells: 4/4 levels left

rFire    . . .     SeeInvis .   a - +0 war axe
rCold    . . .     Faith    .   c - +0 kite shield
rNeg     . . .     Spirit   .   e - +0 chain mail
rPois    .         Reflect  .   (helmet restricted)
rElec    .         Harm     .   j - +0 cloak
rCorr    +         Rampage  .   (no gloves)
Will     .....                  r - +0 pair of boots of Lolev {rCorr}
Stlth    ..........             (no amulet)
HPRegen  0.15/turn              l - +6 ring of intelligence
MPRegen  0.09/turn              (no ring)

@: no status effects
A: horns 2, retaliatory headbutt
a: Renounce Religion


You were on level 4 of the Dungeon.
You worshipped Makhleb.
Makhleb was noncommittal.
You visited 1 branch of the dungeon, and saw 4 of its levels.

You collected 100 gold pieces.

Inventory:

Hand Weapons
 a - a +0 war axe (weapon)
 u - a +0 war axe
Armour
 b - a +0 scale mail
 c - a +0 kite shield (worn)
 e - a +0 chain mail (worn)
 j - a +0 cloak (worn)
 r - the +0 pair of boots of Lolev (worn) {rCorr}
   (You found it on level 4 of the Dungeon)

   It provides partial protection from all sources of acid and corrosion.
Jewellery
 l - a +6 ring of intelligence (right hand)
Wands
 i - a wand of polymorph (9)
 s - a wand of iceblast (10)
Scrolls
 k - 2 scrolls of identify
Potions
 d - a potion of might
 g - a potion of haste {unknown}
 h - a potion of invisibility {unknown}
 m - a potion of curing {unknown}
 n - a potion of mutation {unknown}
 o - a potion of flight {unknown}
 p - a potion of lignification {unknown}
 q - a potion of brilliance {unknown}
 t - a potion of magic {unknown}


   Skills:
 + Level 4.5 Fighting
 + Level 4.4 Axes
 + Level 4.6 Armour
 + Level 0.6 Dodging
 + Level 5.0 Shields


You had 4 spell levels left.
You didn't know any spells.
Your spell library contained the following spells:

 Spells                   Type           Power      Damage    Failure   Level
 Magic Dart               Conj           0%         1d3       100%        1
 Corpse Rot               Necr/Air       N/A        N/A       100%        2
 Searing Ray              Conj           0%         3d3       100%        2
 Confusing Touch          Hex            0%         N/A       100%        3
 Dazzling Flash           Conj/Hex       0%         N/A       100%        3
 Gell's Gravitas          Tloc           0%         N/A       100%        3
 Stone Arrow              Conj/Erth      0%         3d7       100%        3
 Fulminant Prism          Conj/Hex       0%         3d6       100%        4
 Iskenderun's Mystic Bla  Conj/Tloc      0%         2d3       100%        4
 Petrify                  Tmut/Erth      0%         N/A       100%        4
 Metabolic Englaciation   Hex/Ice        0%         N/A       100%        5
 Summon Forest            Summ/Tloc      0%         N/A       100%        5
 Yara's Violent Unravell  Hex/Tmut       0%         3d3       100%        5
 Eringya's Noxious Bog    Tmut/Pois      0%         N/A       100%        6
 Hydra Form               Tmut           0%         N/A       100%        6
 Summon Hydra             Summ           0%         N/A       100%        7


Dungeon Overview and Level Annotations

Branches:
Dungeon (4/15)
 Temple: D:4-7

Altars:
Dithmenos
Gozag
Makhleb


Innate Abilities, Weirdness & Mutations

You have a pair of horns on your head.
You reflexively headbutt those who attack you in melee.


Message History

You block the gnoll's attack. The gnoll hits you but does no damage.
Things that are here:
a +0 halberd; a gnoll corpse You closely miss the gnoll.
The gnoll is moderately wounded.
The gnoll barely misses you.
You slash the gnoll!
You kill the gnoll!
Makhleb accepts your kill.
Your Shields skill increases to level 5!
You are no longer berserk.
You are exhausted.
You feel yourself slow down.
You now have 100 gold pieces (gained 1).
Things that are here:
a +0 spear; a gnoll corpse
There is a stone staircase leading up here.
You climb upwards.
There is a stone staircase leading down here.
You start resting.
You feel yourself speed up.
You start resting.
You recover from your berserk rage.
You climb downwards.
There is a stone staircase leading up here.
Things that are here:
a +0 spear; a gnoll corpse The ogre shouts!
You block the ogre's attack.
The ogre hits you with a +0 giant club!!
The ogre hits you with a +0 giant club!
* * * LOW HITPOINT WARNING * * *
You slash the ogre!
The ogre is heavily wounded.
The ogre hits you but does no damage. You block the ogre's attack.
You completely miss the ogre.
The ogre is heavily wounded.
The ogre hits you with a +0 giant club!
You die...

#...............#
#.†.##..........#
####...##..........#
#.......#...########
#.......'...##[....
#.......#...'......#
#.......#...#......#
#.......#...# .....#
#......##@O.# .....#
###'#######...# .....#
#.............##.....#
#.........._.........#
#.........[.........>#
#.............)).....#
#.............<......#
#.............)).....#
#....................#


You could see an ogre.

Vanquished Creatures
  A hound (D:2)
  Ijyb (D:4)
  A worker ant (D:3)
  4 gnolls (D:4)
  2 adders (D:3)
  An ooze (D:4)
  2 worms (D:3)
  2 dart slugs
  6 bats
  4 giant cockroaches
  4 goblins
  7 hobgoblins
  4 jackals (D:1)
  7 kobolds
  5 ball pythons
  4 frilled lizards
  4 rats
59 creatures vanquished.

Notes
Turn   | Place    | Note
-------+----------+-------------------------------------------
     0 | D:1      | DarkMailMan the Minotaur Fighter began the quest for the
                  | Orb.
     0 | D:1      | Reached XP level 1. HP: 19/19 MP: 0/0
    83 | D:1      | Reached skill level 4 in Shields
    85 | D:1      | Reached XP level 2. HP: 22/27 MP: 1/1
   657 | D:1      | Reached XP level 3. HP: 31/33 MP: 2/2
  1078 | D:2      | Found a burning altar of Makhleb.
  1089 | D:2      | Reached XP level 4. HP: 38/40 MP: 3/3
  1095 | D:2      | Became a worshipper of Makhleb the Destroyer
  1628 | D:3      | Found a shadowy altar of Dithmenos.
  2220 | D:4      | Identified the +0 pair of boots of Lolev {rCorr}
  2220 | D:4      | Noticed an ogre
  2244 | D:3      | Reached XP level 5. HP: 28/47 MP: 4/4
  2459 | D:4      | Found an opulent altar of Gozag.
  2459 | D:4      | Noticed Ijyb
  2470 | D:4      | Killed Ijyb
  2556 | D:4      | Reached skill level 5 in Shields
  2613 | D:4      | Mangled by an ogre

Illustrated notes

Levels and vault maps discovered:
D:1:      ncdulo_watergridlock, layout_basic, minmay_misc_feat_diagonals,
          minmay_misc_feat_alley, st_stairs_13
D:2:      layout_loops_ring, makhleb_blood_cavern_becter
D:3:      layout_loops_ring, lemuel_round_altar
D:4:      layout_gridville, okawaru_ov_weapons_minmay,
          nicolae_gozag_seed_capital, uniq_ijyb

Skill      XL: |  1  2  3  4  5 |
---------------+----------------+-----
Shields        | 4 5 |  5.0
Fighting       | 4 |  4.5
Axes           | 3 4 |  4.4
Armour         | 4 |  4.6
Dodging        | |  0.6

Action                   |  1- 3 |  4- 6 || total
-------------------------+-------+-------++-------
Melee: War axe           |    69 |    74 ||   143
       Headbutt          |    16 |     9 ||    25
  Use: Scroll            |       |     2 ||     2
       Potion            |       |     1 ||     1
Armor: Scale mail        |    15 |       ||    15
       Chain mail        |    31 |    49 ||    80
Dodge: Dodged            |    25 |    19 ||    44
Block: Kite shield       |    47 |    46 ||    93

Table legend: (Time is in decaauts)
 A = Elapsed time spent in this place.
 B = Non-inter-level travel time spent in this place.
 C = Inter-level travel time spent in this place.
 D = Time resting spent in this place.
 E = Time spent auto-exploring this place.
 F = Levels seen in this place.
 G = Mean time per level.
                   A        B        C        D        E       F      G
               +--------+--------+--------+--------+--------+-----+--------+
         Total |   2706 |   2589 |    117 |    195 |   1704 |   4 |  676.5 |
       Dungeon |   2706 |   2589 |    117 |    195 |   1704 |   4 |  676.5 |
               +--------+--------+--------+--------+--------+-----+--------+

Top non-repeatable levels by time:
     D:3: 1015 daAuts
     D:1: 813 daAuts
     D:2: 720 daAuts
     D:4: 157 daAuts
